 Dungeon Crawl Stone Soup version 0.29-a0-284-gf9362112df (webtiles) character file.

Game seed: 15322793195563844815

63 rabbitsville the Poker (level 4, -1/35 HPs)
             Began as a Merfolk Gladiator on Mar 16, 2022.
             Slain by a black bear (10 damage)
             ... on level 3 of the Dungeon.
             The game lasted 00:04:41 (2055 turns).

rabbitsville the Poker (Merfolk Gladiator)          Turns: 2055, Time: 00:04:41

Health: -1/35      AC:  4    Str: 16    XL:     4   Next: 9%
Magic:  4/4        EV: 13    Int:  7    God:
Gold:   154        SH:  0    Dex: 15    Spells: 3/3 levels left

rFire   . . .      SeeInvis .   a - +0 trident
rCold   . . .      Faith    +   (no shield)
rNeg    . . .      Spirit   .   b - +0 leather armour
rPois   .          Reflect  .   c - +0 helmet
rElec   .          Harm     .   (no cloak)
rCorr   .          Rampage  .   (no gloves)
Will    .....                   (no boots)
Stlth   +.........              l - amulet of faith
HPRegen 0.11/turn               (no ring)
MPRegen 0.09/turn               (no ring)

@: no status effects
A: (nimble swimmer 2), mertail
a: no special abilities


You were on level 3 of the Dungeon.
You visited 1 branch of the dungeon, and saw 3 of its levels.

You collected 154 gold pieces.

Inventory:

Hand Weapons
 a - a +0 trident (weapon)
Missiles
 d - 3 throwing nets (quivered)
Armour
 b - a +0 leather armour (worn)
 c - a +0 helmet (worn)
Jewellery
 l - an amulet of faith (around neck)
Scrolls
 f - a scroll of fog {unknown}
 g - 2 scrolls of teleportation {unknown}
 h - a scroll of noise {unknown}
 j - 2 scrolls of summoning {unknown}
 k - a scroll of immolation {unknown}
Potions
 i - a potion of cancellation {unknown}
 m - a potion of attraction {unknown}


   Skills:
 + Level 3.1 Fighting
 * Level 5.8 Polearms
 - Level 2.0 Throwing
 - Level 4.0 Dodging


You had 3 spell levels left.
You didn't know any spells.
Your spell library contained the following spells:

 Spells                   Type           Power      Damage    Failure   Level
 Foxfire                  Conj/Fire      0%         2x1d4     50%         1
 Sting                    Tmut/Pois      0%         1d3       50%         1
 Poisonous Vapours        Pois/Air       0%         N/A       65%         2
 Conjure Flame            Conj/Fire      0%         6-21      86%         3
 Inner Flame              Hex/Fire       0%         N/A       86%         3
 Flame Wave               Conj/Fire      0%         2d4       99%         4
 Olgreb's Toxic Radiance  Pois           0%         N/A       99%         4


Dungeon Overview and Level Annotations

Branches:
Dungeon (3/15)

Altars:

Shops:
D:2 [


Innate Abilities, Weirdness & Mutations

((You are very nimble when in or above water. (Stealth+, EV+, Speed+++)))
Your lower body shifts to a powerful aquatic tail in water.


Message History

The black bear is lightly wounded.
Press: ? - help, v - describe, . - travel The floor.
There is a stone staircase leading up here.
You hit the black bear.
The black bear is moderately wounded.
The black bear bites you. The black bear claws you.
The black bear claws you but does no damage.
You hit the black bear but do no damage.
The black bear is moderately wounded.
The black bear completely misses you. The black bear claws you.
The black bear claws you but does no damage.
You hit the black bear.
The black bear is moderately wounded.
The black bear barely misses you.
The black bear claws you but does no damage.
The black bear completely misses you.
You hit the black bear.
The black bear is heavily wounded.
The black bear bites you.
The black bear claws you but does no damage. x2
You hit the black bear.
The black bear is severely wounded.
The black bear bites you! The black bear barely misses you. x2
You closely miss the black bear.
The black bear is severely wounded.
The black bear bites you. The black bear misses you.
The black bear closely misses you.
You hit the black bear.
The black bear is almost dead.
The black bear bites you.
* * * LOW HITPOINT WARNING * * *
The black bear claws you but does no damage. x2
You closely miss the black bear.
The black bear is severely wounded.
The black bear goes berserk!
You closely miss the black bear.
The black bear is severely wounded.
The black bear bites you!
You die...

#.###.............#
#.#...###.........#
#...### #.........#
###....# #......)÷.#
....##.###......÷..#
..####.)##.........#
....###).#.........#
.#..####.##.......##
.#.........#...h@##
###.###.##...#####
#.###...[......#
#..#####.......#
##h### #.......#
#...# #########
###.# #.## #..##


You could see a black bear (berserk).

Vanquished Creatures
  2 adders (D:2)
  A worm (D:2)
  3 orcs (D:3)
  4 endoplasms
  A giant cockroach (D:1)
  2 goblins (D:1)
  3 hobgoblins (D:1)
  4 jackals (D:3)
  4 kobolds
  A quokka (D:1)
  4 ball pythons (D:1)
  2 bats
  4 frilled lizards
  A rat (D:1)
36 creatures vanquished.

Notes
Turn   | Place    | Note
-------+----------+-------------------------------------------
     0 | D:1      | rabbitsville the Merfolk Gladiator began the quest for the
                  | Orb.
     0 | D:1      | Reached XP level 1. HP: 16/16 MP: 1/1
   341 | D:1      | Reached XP level 2. HP: 23/23 MP: 2/2
  1053 | D:2      | Found Hypnep's Armour Emporium.
  1059 | D:2      | Reached skill level 5 in Polearms
  1059 | D:2      | Reached XP level 3. HP: 15/28 MP: 3/3
  1834 | D:3      | Reached XP level 4. HP: 25/35 MP: 4/4
  2019 | D:3      | Noticed a black bear
  2055 | D:3      | Slain by a black bear

Illustrated notes

Levels and vault maps discovered:
D:1:      ebering_trefoil_twist, layout_loops_ring
D:2:      layout_basic, serial_shops, shop,
          shapermc_ecumenical_altar_flowoftime, basic_altar, minivault_23,
          supply_closet_lemuel
D:3:      layout_rooms, uniq_jessica

Skill      XL: |  1  2  3 |
---------------+----------+-----
Polearms       | 5 |  5.8
Fighting       | 3 |  3.1
Throwing       | |  2.0
Dodging        | |  4.0

Action                   |  1- 3 |  4- 6 || total
-------------------------+-------+-------++-------
Melee: Trident           |   116 |    18 ||   134
Throw: Javelin           |       |     1 ||     1
 Stab: Sleeping          |     1 |       ||     1
Armor: Leather armour    |    27 |     9 ||    36
Dodge: Dodged            |    75 |    14 ||    89

Table legend: (Time is in decaauts)
 A = Elapsed time spent in this place.
 B = Non-inter-level travel time spent in this place.
 C = Inter-level travel time spent in this place.
 D = Time resting spent in this place.
 E = Time spent auto-exploring this place.
 F = Levels seen in this place.
 G = Mean time per level.
                   A        B        C        D        E       F      G
               +--------+--------+--------+--------+--------+-----+--------+
         Total |   2062 |   2019 |     43 |    605 |   1005 |   3 |  687.3 |
       Dungeon |   2062 |   2019 |     43 |    605 |   1005 |   3 |  687.3 |
               +--------+--------+--------+--------+--------+-----+--------+

Top non-repeatable levels by time:
     D:1: 1057 daAuts
     D:2: 582 daAuts
     D:3: 422 daAuts
